 Dungeon Crawl Stone Soup version 0.30.0-29-ga12c61a403 (webtiles) character file.

Game seed: 10363904615926793947

83 qw the Chopper (level 4, 0/28 HPs)
             Began as a Gargoyle Fighter on June 3, 2023.
             Slain by Sigmund
             ... wielding a +0 scythe
              (9 damage)
             ... on level 3 of the Dungeon.
             The game lasted 00:00:53 (1148 turns).

qw the Chopper (Gargoyle Fighter)                   Turns: 1148, Time: 00:00:54

Health: 0/28       AC: 13    Str: 22    XL:     4   Next: 44%
Magic:  4/4        EV: 23    Int:  8    God:
Gold:   85         SH:  0    Dex: 15    Spells: 3/3 levels left

rFire   . . .        Y - +0 war axe
rCold   . . .        c - +0 buckler
rNeg    + . .        o - +0 chain mail
rPois   inf          (no helmet)
rElec   +            (no cloak)
rCorr   .            (no gloves)
SInv    .            m - +0 pair of boots
Will    .....        e - amulet of the acrobat Stlth
                     l - +6 ring of dexterity
HPRegen 0.24/turn    (no ring)
MPRegen 0.09/turn

%: acrobat
@: confused, acrobatic
A: sickness immunity, AC +3, negative energy resistance 1, electricity
resistance, torment resistance 1, petrification resistance
a: no special abilities


You were on level 3 of the Dungeon.
You visited 1 branch of the dungeon, and saw 3 of its levels.

You collected 85 gold pieces.


Innate Abilities, Weirdness & Mutations

You are immune to sickness and miasma.
Your stone body is resilient. (AC +3)
You are immune to poison.
You resist negative energy. (rN+)
You are resistant to electric shocks. (rElec)
You are resistant to unholy torment.
You are immune to petrification.


   Skills:
 - Level 3.2 Fighting
 + Level 3.9 Axes
 - Level 3.2 Armour
 - Level 1.0 Dodging
 - Level 3.2 Shields


You had 3 spell levels left.
You didn't know any spells.
Your spell library was empty.

Inventory:

Hand Weapons
 i - a +0 whip of venom
 Y - a +0 war axe (weapon)
Armour
 c - a +0 buckler (worn)
 m - a +0 pair of boots (worn)
 o - a +0 chain mail (worn)
Jewellery
 e - an amulet of the acrobat (around neck)
 l - a +6 ring of dexterity (left hand)
Scrolls
 j - a scroll of identify
Potions
 d - 2 potions of might
 f - a potion of resistance
 g - a potion of haste {unknown}
 h - a potion of berserk rage {unknown}
 k - a potion of brilliance {unknown}
 q - a potion of cancellation {unknown}

Dungeon Overview and Level Annotations

Branches:
Dungeon (3/15)

Altars:

Annotations:
D:3 Sigmund


Message History

You block Sigmund's attack.
Things that are here:
an adder corpse; a jackal corpse
Enter note:
Enter note:
Enter note: You hit Sigmund.
Sigmund is lightly wounded.
Sigmund hits you but does no damage.
You slash Sigmund!
Sigmund is severely wounded.
You block Sigmund's attack.
You hit Sigmund.
Sigmund is severely wounded.
Sigmund hits you with a +0 scythe.
You hit Sigmund but do no damage.
Sigmund is severely wounded.
Sigmund hits you with a +0 scythe.
You barely miss Sigmund.
Sigmund is severely wounded.
You block Sigmund's attack.
You barely miss Sigmund.
Sigmund is severely wounded.
You closely miss Sigmund.
Sigmund is severely wounded.
Sigmund casts a spell.
Sigmund flickers and vanishes!
Deactivating autopickup; reactivate with Ctrl-A.
Something hits you but does no damage.
You barely miss something. You barely miss something. Something hits you.
You closely miss something. Something hits you but does no damage.
You closely miss something.
You hear some strange, mumbled words.
You are confused.
Found a sedimented green potion.
Something hits you!
You die...

##...!. ....#
....... ....#
#./... ....
#..... ...#
#..... ...#
.#..... ...
.......#.######
#{@........
##%####...#
#.........#
#..####...#
#....# # .###
#....# ...
..[..##...##...
..# ..).........#
..#
###########.#####


There were no monsters in sight!

Vanquished Creatures
  2 adders
  A gnoll (D:1)
  A worm (D:2)
  2 dart slugs (D:3)
  6 endoplasms (D:1)
  2 goblins
  A hobgoblin (D:1)
  5 jackals
  5 quokkas
  3 ball pythons
  4 bats (D:2)
  3 frilled lizards
  8 kobolds
  5 rats
48 creatures vanquished.

Notes
Turn   | Place    | Note
-------+----------+-------------------------------------------
     0 | D:1      | qw the Gargoyle Fighter began the quest for the Orb.
     0 | D:1      | Reached XP level 1. HP: 14/14 MP: 1/1
     0 | D:1      | 0 ||| qw: Version: 0.2-a-103-g5a998e5
     0 | D:1      | 0 ||| qw: Game counter: 1074
     0 | D:1      | 0 ||| qw: Always use a shield: true
     0 | D:1      | 0 ||| qw: God list: Okawaru
     0 | D:1      | 0 ||| qw: Allow faded altars: false
     0 | D:1      | 0 ||| qw: Do Orc after D:15 true
     0 | D:1      | 0 ||| qw: Do second Lair branch before Depths: true
     0 | D:1      | 0 ||| qw: Lair rune preference: random
     0 | D:1      | 0 ||| qw: Plans: Normal, Zot:1-4, Slime:5, God:TSO, Crypt,
                  | Tomb, Pan, Hells, Abyss, Win
     0 | D:1      | 0 ||| PLANNING D:1-11
   136 | D:1      | Reached XP level 2. HP: 19/19 MP: 2/2
   210 | D:1      | Reached skill level 3 in Axes
   214 | D:1      | You fall into a shaft and drop 1 floor!
   226 | D:2      | 226 ||| Stepping ~*~*~tactically~*~*~ (hiding).
   239 | D:2      | Reached XP level 3. HP: 23/23 MP: 3/3
   272 | D:2      | 272 ||| Stepping ~*~*~tactically~*~*~ (hiding).
   273 | D:2      | 273 ||| Stepping ~*~*~tactically~*~*~ (hiding).
   336 | D:2      | 336 ||| UPGRADING to +6 ring of dexterity.
   337 | D:2      | 337 ||| READING scroll labelled UTECSO UHAY.
   338 | D:2      | 338 ||| READING scroll labelled COBLE IGRYGOISS.
   465 | D:1      | 465 ||| Stepping ~*~*~tactically~*~*~ (stealth).
   702 | D:1      | 702 ||| UPGRADING to +0 pair of boots.
   707 | D:1      | 707 ||| UPGRADING to amulet of the acrobat.
   712 | D:1      | 712 ||| READING scroll labelled JAFEISCHIOCS.
   788 | D:2      | Reached skill level 1 in Dodging
   845 | D:2      | Reached XP level 4. HP: 28/28 MP: 4/4
   965 | D:2      | 965 ||| UPGRADING to +0 chain mail.
   975 | D:2      | 975 ||| DROPPING +0 scale mail.
   976 | D:2      | 976 ||| DROPPING amulet of magic regeneration.
   977 | D:2      | 977 ||| READING scroll labelled DEPURHI URIM.
   978 | D:2      | 978 ||| READING scroll labelled SASTRY ESONUTUA.
   983 | D:2      | 983 ||| READING 2 scrolls of identify.
   983 | D:2      | 983 ||| IDENTIFYING fizzy white potion
  1007 | D:3      | 1007 ||| Stepping ~*~*~tactically~*~*~ (hiding).
  1033 | D:3      | 1033 ||| Stepping ~*~*~tactically~*~*~ (stealth).
  1107 | D:3      | 1107 ||| Stepping ~*~*~tactically~*~*~ (stealth).
  1113 | D:3      | Noticed Sigmund
  1148 | D:3      | Slain by Sigmund

Levels and vault maps discovered:
D:1:      dpeg_arrival_round_c, layout_rooms
D:2:      layout_rooms
D:3:      layout_basic, uniq_sigmund

Skill      XL: |  1  2  3 |
---------------+----------+-----
Axes           | 2 3 |  3.9
Dodging        | 1 |  1.0
Fighting       | |  3.2
Armour         | |  3.2
Shields        | |  3.2

Action                     |  1- 3 |  4- 6 || total
---------------------------+-------+-------++-------
  Melee: War axe           |   101 |    33 ||   134
    Use: Scroll            |     3 |     3 ||     6
 Armour: Scale mail        |    54 |     2 ||    56
         Chain mail        |       |    15 ||    15
  Dodge: Dodged            |    37 |    15 ||    52
  Block: Buckler           |    19 |    12 ||    31

Table legend:
 A = Non-vault XP
 B = Vault XP
 C = Vault XP percentage of total XP
 D = Non-vault monster count
 E = Vault monster count
 F = Vault count percentage of total count
                 A         B        C        D         E       F
            +---------+---------+-------+---------+---------+-------
      Total |     119 |       0 |   0.0 |      48 |       0 |   0.0
            +---------+---------+-------+---------+---------+-------
        D:1 |      44 |       0 |   0.0 |      21 |       0 |   0.0
        D:2 |      43 |       0 |   0.0 |      18 |       0 |   0.0
        D:3 |      32 |       0 |   0.0 |       9 |       0 |   0.0
            +---------+---------+-------+---------+---------+-------
